 Dungeon Crawl Stone Soup version 0.23.2-40-g277498a001 (webtiles) character file.

Game seed: 14031177503560006529

87 Khaoschemer the Conjurer (level 4, -5/24 HPs)
             Began as a Deep Elf Conjurer on Sept 15, 2019.
             Slain by an ogre
             ... wielding a cursed -3 giant club
              (20 damage)
             ... on level 3 of the Dungeon.
             The game lasted 00:30:04 (2038 turns).

Khaoschemer the Conjurer (Deep Elf Conjurer)        Turns: 2038, Time: 00:30:05

Health: -5/24      AC:  6    Str:  5    XL:     4   Next: 28%
Magic:  7/11       EV: 10    Int: 21    God:
Gold:   103        SH:  0    Dex: 15    Spells: 6/9 levels left

rFire    . . .     SeeInvis .   z - +0 trident
rCold    . . .     Gourm    .   (no shield)
rNeg     . . .     Faith    .   L - +0 ring mail
rPois    .         Spirit   .   (no helmet)
rElec    .         Reflect  .   (no cloak)
rCorr    .         Harm     .   (no gloves)
MR       .....                  n - +0 pair of boots
Stlth    +++.......             (no amulet)
HPRegen  0.08/turn              k - ring of wizardry
MPRegen  0.12/turn              C - ring of stealth

@: no status effects
A: no striking features
a: no special abilities


You were on level 3 of the Dungeon.
You were not hungry.

You visited 1 branch of the dungeon, and saw 3 of its levels.

You collected 103 gold pieces.

Inventory:

Hand Weapons
 b - a +0 club
 d - a +0 hand axe
 j - a +0 hand axe
 m - a +0 short sword
 o - a +0 dagger
 s - a +0 dagger
 t - a +0 dagger
 u - a +0 dagger
 v - a +0 dagger
 y - a +0 short sword
 z - a +0 trident (weapon)
 A - a +0 mace
 J - a +0 hand axe
 N - a +0 flail
Missiles
 B - 32 arrows
Armour
 a - a +1 robe
 i - a +0 chain mail
 l - a +0 shield
 n - a +0 pair of boots (worn)
 p - a +0 leather armour
 x - a +0 chain mail
 D - a +0 leather armour
 E - a +0 pair of boots
 K - a +0 plate armour
 L - a +0 ring mail (worn)
Jewellery
 k - a ring of wizardry (left hand)
 C - a ring of stealth (right hand)
Wands
 G - a wand of acid (10)
Scrolls
 r - 2 scrolls of enchant armour
 F - a scroll of amnesia
 I - 3 scrolls of teleportation
 M - 3 scrolls of identify
Potions
 e - 2 potions of berserk rage {unknown}
 f - 2 potions of degeneration {unknown}
 g - 3 potions of curing
 h - a potion of experience {unknown}
 q - 3 potions of lignification
 w - a potion of might {unknown}
 H - a potion of invisibility {unknown}
Comestibles
 c - 5 rations


   Skills:
 + Level 2.8 Dodging
 + Level 2.9 Stealth
 + Level 3.3 Spellcasting
 + Level 5.9 Conjurations


You had 6 spell levels left.
You knew the following spells:

 Your Spells              Type           Power        Failure   Level  Hunger
a - Magic Dart            Conj           ####         2%          1    None
b - Searing Ray           Conj           ####..       3%          2    ##.....

Your spell library contained the following spells:

 Spells                   Type           Power        Failure   Level  Hunger
 Iskenderun's Mystic Bla  Conj           ####....     21%         4    ####...
 Dazzling Spray           Conj/Hex       ###...       22%         3    ###....
 Force Lance              Conj/Tloc      ###.....     56%         4    ####...
 Fulminant Prism          Conj/Hex       ###.......   56%         4    ####...


Dungeon Overview and Level Annotations

Branches:
Dungeon (3/15)

Altars:
The Shining One


Message History

There is a stone staircase leading up here.
You hit the ogre.
The ogre is lightly wounded.
The ogre hits you with a cursed -3 giant club.
Casting: Searing Ray (safe; 3% risk of failure)
Confirm with . or Enter, or press ? or * to list all spells.
Aiming: Searing Ray (safe; 3% risk of failure)
Press: ? - help, Shift-Dir - straight line The searing ray hits the ogre.
The ogre is moderately wounded. (Press . to maintain the ray.)
The ogre hits you with a cursed -3 giant club.
The searing ray hits the ogre.
The ogre is heavily wounded.
The ogre barely misses you.
The searing ray hits the ogre!
The ogre is almost dead.
The ogre hits you with a cursed -3 giant club!!
Ouch! That really hurt!
You die...

#. #.
##.#
...
#..##
#...#
##..#
#.O@#
#..##
#..
#).
#..
#..
#..
#..


You could see an ogre.

Vanquished Creatures
  An orc priest (D:2)
  2 adders (D:2)
  A worm (D:2)
  3 orcs (D:2)
  A giant cockroach (D:2)
  6 goblins
  A hobgoblin (D:2)
  A jackal (D:2)
  4 kobolds
  A ball python (D:2)
  6 bats
  3 frilled lizards
  A rat (D:2)
31 creatures vanquished.

Notes
Turn   | Place    | Note
-------+----------+-------------------------------------------
     0 | D:1      | Khaoschemer the Deep Elf Conjurer began the quest for the
                  | Orb.
     0 | D:1      | Reached XP level 1. HP: 10/10 MP: 6/6
     2 | D:1      | Noticed a centaur
     4 | D:1      | Noticed a vine stalker
     4 | D:1      | Noticed a demonspawn
     6 | D:1      | Noticed a ghoul
     8 | D:1      | Noticed an elf
    10 | D:1      | Noticed a tengu
    10 | D:1      | Noticed a spriggan
    14 | D:1      | Noticed a formicid
    14 | D:1      | Noticed a draconian
    16 | D:1      | Noticed a troll
    16 | D:1      | Noticed a halfling
    18 | D:1      | Noticed a human
    18 | D:1      | Noticed a naga
    20 | D:1      | Noticed an octopode
    20 | D:1      | Noticed a vampire
    22 | D:1      | Noticed a dwarf
    22 | D:1      | Noticed an ogre
    24 | D:1      | Noticed a gargoyle
    24 | D:1      | Noticed a merfolk
    26 | D:1      | Noticed a felid
    28 | D:1      | Noticed a minotaur
    28 | D:1      | Noticed a demigod
   378 | D:1      | Reached XP level 2. HP: 15/15 MP: 5/8
   396 | D:1      | Learned a level 2 spell: Searing Ray
   556 | D:2      | Reached skill level 5 in Conjurations
   816 | D:2      | Reached XP level 3. HP: 19/19 MP: 1/9
  1396 | D:2      | Found a glowing golden altar of the Shining One.
  1753 | D:2      | Reached XP level 4. HP: 24/24 MP: 11/11
  2034 | D:3      | Noticed an ogre
  2038 | D:3      | Slain by an ogre

Skill      XL: |  1  2 |
---------------+-------+-----
Conjurations   | 5 |  5.9
Dodging        | |  2.8
Stealth        | |  2.9
Spellcasting   | |  3.3

Action                   |  1- 3 |  4- 6 || total
-------------------------+-------+-------++-------
Melee: Dagger            |     6 |       ||     6
       Club              |     5 |       ||     5
       Trident           |     4 |    20 ||    24
 Cast: Magic Dart        |    13 |       ||    13
       Searing Ray       |    12 |     6 ||    18
  Use: Scroll            |     9 |     1 ||    10
 Stab: Sleeping          |       |     1 ||     1
  Eat: Chunk             |     3 |     1 ||     4
Armor: Robe              |    17 |     3 ||    20
Dodge: Dodged            |    43 |    13 ||    56
